AoeStats
← Dagon

Black Forest

507923840Analyzed
3v3 RM · 12d ago on Sep 20, 2026· 19m 24s· 6 players
Game mode
Random Map
Map size
Normal (6 player)
Population
200
Speed
Normal
Resources
Standard
Victory
Conquest
Starting age
Dark Age
Ending age
Imperial Age
RankedLock teamsTeams togetherTeam positionsShared explorationLock speedFull tech treeHidden civsTurbo modeCheats
Victory
Defeat
🇲🇽 Maya · Mexico
683
+14
🇲🇽 Mongols · Mexico
682
+15
🇲🇽 Georgians · Mexico
662
+15
🇦🇺 Spanish · Australia
671
-15
🇨🇱 Turks · Chile
649
-15
🇨🇳 Cumans · China
628
-14
Dagon
0:38 Loom
用心感化少女
10:12 Loom
14:18 Feudal Age
15:03 Double-Bit Axe
MachTerran
14:41 Feudal Age
16:42 Double-Bit Axe
20:07 Castle Age
crazy84aac
12:57 Feudal Age
11:13 Loom
17:21 Horse Collar
17:30 Double-Bit Axe
20:36 Castle Age
GfJaiR
0:31 Loom
14:58 Feudal Age
16:19 Double-Bit Axe
16:16 Horse Collar
AIOROS
0:26 Loom
10:06 Feudal Age
11:19 Double-Bit Axe
11:18 Horse Collar
17:06 Forging
19:24 Castle Age
19:45 Fletching
19:56 Padded Archer Armor
Connection lost

Rejoining the realm…

Still unreachable

The connection could not be restored.

Session expired

The server has moved on; the page needs a fresh start.